 Dungeon Crawl Stone Soup version 0.27-a0-1196-g3e9cee4cb2 (webtiles) character file.

Game seed: 7368507799188447698

5 Mesmaeker13 the Caller (level 1, 0/10 HPs)
             Began as a Tengu Summoner on May 29, 2021.
             Slain by a jackal (2 damage)
             ... on level 1 of the Dungeon.
             The game lasted 00:00:54 (512 turns).

Mesmaeker13 the Caller (Tengu Summoner)              Turns: 512, Time: 00:00:55

Health: 0/10       AC:  3    Str:  8    XL:     1   Next: 80%
Magic:  1/4        EV: 12    Int: 15    God:
Gold:   39         SH:  0    Dex: 14    Spells: 3/4 levels left

rFire    . . .     SeeInvis .   (no weapon)
rCold    . . .     Faith    .   (no shield)
rNeg     . . .     Spirit   .   a - +0 robe
rPois    .         Reflect  .   (helmet restricted)
rElec    .         Harm     .   (no cloak)
rCorr    .         Rampage  .   e - +0 pair of gloves
Will     .....                  (boots unavailable)
Stlth    ++........             (no amulet)
HPRegen  0.03/turn              (no ring)
MPRegen  0.09/turn              (no ring)

@: no status effects
A: beak, talons 3
a: no special abilities


You were on level 1 of the Dungeon.
You visited 1 branch of the dungeon, and saw 1 of its levels.

You collected 39 gold pieces.

Inventory:

Armour
 a - a +0 robe (worn)
 c - a +0 kite shield
 e - a +0 pair of gloves (worn)
Scrolls
 b - a scroll of magic mapping {unknown}
Potions
 d - a potion of curing {unknown}


   Skills:
 + Level 2.4 Dodging
 - Level 2.0 Stealth
 + Level 2.1 Spellcasting
 + Level 4.9 Summonings


You had 3 spell levels left.
You knew the following spells:

 Your Spells              Type           Power      Damage    Failure   Level
a - Summon Small Mammal   Summ           64%        N/A       2%          1

Your spell library contained the following spells:

 Spells                   Type           Power      Damage    Failure   Level
 Call Imp                 Summ           16%        N/A       4%          2
 Call Canine Familiar     Summ           16%        N/A       9%          3
 Summon Guardian Golem    Hex/Summ       9%         N/A       24%         3
 Summon Ice Beast         Ice/Summ       9%         N/A       61%         4
 Summon Lightning Spire   Summ/Air       9%         N/A       61%         4


Dungeon Overview and Level Annotations

Branches:
Dungeon (1/15)

Altars:


Innate Abilities, Weirdness & Mutations

You have a beak for a mouth.
You have claws for feet.


Message History

You see here a rat skeleton.
The jackal bites you.
The jackal bites you but does no damage.
Casting: Summon Small Mammal (safe; 2% risk of failure)
Confirm with . or Enter, or press ? or * to list all spells.
The jackal misses your bat. The jackal misses you.
The jackal barely misses your bat.
Your bat hits the jackal.
Your bat hits the jackal but does no damage.
The jackal bites you. The jackal closely misses your bat.
Your bat closely misses the jackal.
Your bat barely misses the jackal.
The jackal bites your bat. The jackal bites you.
Your bat hits the jackal.
Your bat closely misses the jackal.
The jackal barely misses your bat.
Your bat hits the jackal. The jackal closely misses your bat.
Casting: Summon Small Mammal (safe; 2% risk of failure)
Confirm with . or Enter, or press ? or * to list all spells.
Your bat closely misses the jackal.
The jackal barely misses you. The jackal barely misses your bat.
Your bat hits the jackal but does no damage.
The jackal bites you.
* * * LOW HITPOINT WARNING * * *
Your bat misses the jackal. The jackal closely misses you.
Your bat hits the jackal but does no damage.
Your bat closely misses the jackal.
Your bat hits the jackal but does no damage. x2
The jackal bites your bat.
Your bat hits the jackal but does no damage.
The jackal barely misses your bat.
Your bat misses the jackal. Your bat hits the jackal.
The jackal bites you but does no damage.
Your bat closely misses the jackal.
The jackal closely misses your bat.
Your bat closely misses the jackal.
The jackal bites your bat.
Your bat dies!
Your bat's corpse disappears in a puff of smoke!
Your bat closely misses the jackal.
The jackal barely misses you.
Your bat misses the jackal.
Your bat closely misses the jackal.
Your bat misses the jackal. The jackal bites you.
You die...

####### #[....# #.###.#
#รท###.# #...#.#
##############.#@#######
................h.......
...............>.b......
##..##########+#.#######
.. .....# ........h# ...
.....# .........# ..
.....# ........h# .#
.....#
.........############.#
.....#
######.#.##...........#


You could see 3 jackals and a friendly bat (summoned).

Vanquished Creatures
  A jackal (D:1)
  A rat (D:1)
2 creatures vanquished.

Vanquished Creatures (collateral kills)
  An endoplasm (D:1)
  A giant cockroach (D:1)
  A jackal (D:1)
  2 rats (D:1)
5 creatures vanquished.

Grand Total: 7 creatures vanquished

Notes
Turn   | Place    | Note
-------+----------+-------------------------------------------
     0 | D:1      | Mesmaeker13 the Tengu Summoner began the quest for the Orb.
     0 | D:1      | Reached XP level 1. HP: 10/10 MP: 4/4
   512 | D:1      | Slain by a jackal

Illustrated notes

Levels and vault maps discovered:
D:1:      eino_arrival_tree_alley, layout_basic, hangedman_abyss_or_decor_stabs

Action                   || total
-------------------------++-------
Melee: Unarmed           ||     7
       Peck              ||     2
       Kick              ||     1
 Cast: Summon Small Mamm ||    26
Armor: Robe              ||     9
Dodge: Dodged            ||    24

Table legend: (Time is in decaauts)
 A = Elapsed time spent in this place.
 B = Non-inter-level travel time spent in this place.
 C = Inter-level travel time spent in this place.
 D = Time resting spent in this place.
 E = Time spent auto-exploring this place.
 F = Levels seen in this place.
 G = Mean time per level.
                   A        B        C        D        E       F      G
               +--------+--------+--------+--------+--------+-----+--------+
         Total |    512 |    512 |      0 |     27 |    287 |   1 |  512.0 |
       Dungeon |    512 |    512 |      0 |     27 |    287 |   1 |  512.0 |
               +--------+--------+--------+--------+--------+-----+--------+

Top non-repeatable levels by time:
     D:1: 512 daAuts
